 Dungeon Crawl Stone Soup version 0.30.0-30-g96aa6591b8 (webtiles) character file.

Game seed: 16951219240931885737

791 Chiseanne the Covert (level 7, -1/50 HPs)
             Began as an Octopode Delver on June 28, 2023.
             Slain by a water moccasin (8 damage)
             ... on level 7 of the Dungeon.
             The game lasted 00:08:43 (1916 turns).

Chiseanne the Covert (Octopode Delver)              Turns: 1916, Time: 00:08:44

Health: -1/50      AC:  1    Str: 12      XL:     7   Next: 88%
Magic:  9/9        EV: 14    Int: 12      God:
Gold:   1462       SH:  0    Dex:  8 (15) Spells: 9/9 levels left

rFire   . . .        s - +0 war axe (heavy)
rCold   . . .        (no shield)
rNeg    . . .        (helmet restricted)
rPois   .            (no amulet)
rElec   .            (no ring)
rCorr   .            (no ring)
SInv    .            (no ring)
Will    .....        (no ring)
Stlth   +++++        (no ring)
HPRegen 0.28/turn    (no ring)
MPRegen 0.11/turn    (no ring)
                     (no ring)

%: no passive effects
@: lethally poisoned (-1 -> -20)
A: almost no armour, amphibious, 8 rings, camouflage 1, gelatinous body 1,
(nimble swimmer 1), tentacles
a: no special abilities


You were on level 7 of the Dungeon.
You visited 1 branch of the dungeon, and saw 5 of its levels.

You collected 1462 gold pieces.

Inventory:

Hand Weapons
 a - a +4 dagger
 i - a +2 falchion
 k - a +3 dagger
 l - a +5 hand axe
 s - a +0 heavy war axe (weapon)
Missiles
 c - 2 atropa-tipped darts
 g - 4 boomerangs (quivered)
 h - a stone
Magical Staves
 m - a staff of conjuration
Wands
 f - a wand of digging (2)
 n - a wand of polymorph (9)
 p - a wand of charming (9)
Scrolls
 b - 2 scrolls of fog
 e - 2 scrolls of immolation
Potions
 d - 3 potions of mutation {unknown}
 j - a potion of brilliance {unknown}
 o - a potion of invisibility {unknown}
 q - a potion of cancellation {unknown}


   Skills:
 - Level 5.3 Fighting
 - Level 2.0 Short Blades
 * Level 5.4 Dodging
 - Level 9.2 Stealth
 * Level 1.9 Spellcasting


You had 9 spell levels left.
You didn't know any spells.
Your spell library contained the following spells:

 Spells                   Type           Power      Damage    Failure   Level
 Shock                    Conj/Air       4%         1d3       28%         1
 Swiftness                Air            1%         N/A       63%         3
 Airstrike                Air            0%         2d(1-17)  95%         4
 Iskenderun's Battlesphe  Conj           1%         2d6       100%        5
 Iron Shot                Conj/Erth      0%         9d1       100%        6
 Spellforged Servitor     Conj/Summ      0%         N/A       100%        7


Dungeon Overview and Level Annotations

Branches:
Dungeon (7/15)
 Temple: D:4-7

Altars:
Cheibriados

Annotations:
D:3 Grinder
D:4 Sigmund


Innate Abilities, Weirdness & Mutations

You cannot wear most types of armour.
You are amphibious.
You can wear up to eight rings at the same time.
Your skin changes colour to match your surroundings (Stealth+).
Your rubbery body absorbs attacks. (AC +1, EV +1)
((You are camouflaged when in or above water. (Stealth+)))
You have tentacles for arms and can constrict up to eight enemies at once.


Message History

You feel your dexterity returning.
p - a wand of charming (9)
e - 2 scrolls of immolation (gained 1)
d - 3 fizzy sapphire potions (gained 1)
You now have 1443 gold pieces (gained 15).
You now have 1462 gold pieces (gained 19).
You see here 4 stones.
There is a stone staircase leading down here.
a - a +4 dagger (weapon)
There is a stone staircase leading down here.
You climb downwards.
Found a green potion.
There is a stone staircase leading up here.
q - a green potion
Found 13 gold pieces. 3 orcs come into view.
An orc is wielding a +2 heavy mace.
The orc shouts!
You hear an angry hiss.
A water moccasin comes into view.
The orc shouts! x2
The water moccasin bites you!
s - a +0 heavy war axe (weapon)
The water moccasin barely misses you.
You barely miss the water moccasin. Your grab misses the water moccasin.
The water moccasin bites you.
You are poisoned.
The water moccasin poisons you!
The water moccasin closely misses you. x2
You closely miss the water moccasin. Your grab misses the water moccasin.
You feel very sick. The water moccasin barely misses you.
The water moccasin bites you.
You are more poisoned.
The water moccasin poisons you! The water moccasin bites you.
You are lethally poisoned!
The water moccasin poisons you!
You closely miss the water moccasin. Your grab misses the water moccasin.
* * * LOW HITPOINT WARNING * * *
You feel extremely sick. The water moccasin bites you.
* * * LOW HITPOINT WARNING * * *
The water moccasin bites you!
You die...

##...........###
########..............#
......<.......##....#.#
#####.........##....#
.......#...>.##.#.#.#
###.####.........## #
#.. #..###..### ...#
..... #....## ..##
......###@#.# .#
.......# #.S.# #####.#
#.....# #.#..##
.###.#o###.###.
.........So.....
.......>#oo#####
.$............


You could see a water moccasin.

Vanquished Creatures
  A water moccasin (D:6)
  A black bear (D:6)
  5 wights (D:6)
  A howler monkey (D:6)
  2 quasits (D:6)
  A jelly (D:6)
  A gnoll bouda (D:6)
  2 iguanas
  5 gnolls
  8 adders
  A dart slug (D:4)
  An endoplasm (D:4)
  A goblin (D:4)
  A hobgoblin (D:4)
  A quokka (D:4)
  2 ball pythons (D:4)
34 creatures vanquished.

Notes
Turn   | Place    | Note
-------+----------+-------------------------------------------
     0 | D:5      | Chiseanne the Octopode Delver began the quest for the Orb.
     0 | D:5      | Reached XP level 1. HP: 16/16 MP: 1/1
    26 | D:5      | Reached XP level 2. HP: 21/21 MP: 2/2
    44 | D:5      | Noticed an ogre
   135 | D:5      | Found a snail-covered altar of Cheibriados.
   201 | D:5      | Reached skill level 7 in Stealth
   201 | D:5      | Reached XP level 3. HP: 26/26 MP: 3/3
   214 | D:6      | Reached XP level 4. HP: 13/33 MP: 4/4
   427 | D:6      | Reached XP level 5. HP: 26/37 MP: 5/5
   462 | D:6      | Noticed a black bear
   478 | D:6      | Noticed a water moccasin
   489 | D:6      | Killed a water moccasin
   490 | D:6      | Reached skill level 8 in Stealth
   517 | D:6      | Reached XP level 6. HP: 39/44 MP: 6/6
   683 | D:6      | Reached skill level 5 in Fighting
   683 | D:6      | Reached XP level 7. HP: 48/50 MP: 7/7
   784 | D:6      | Reached skill level 9 in Stealth
   958 | D:6      | Identified a scroll of acquirement
   958 | D:6      | Acquired 1296 gold pieces
  1265 | D:4      | Noticed Sigmund
  1275 | D:3      | Noticed Grinder
  1537 | D:6      | Reached skill level 5 in Dodging
  1638 | D:5      | Reached skill level 1 in Spellcasting
  1916 | D:7      | Slain by a water moccasin

Illustrated notes

Levels and vault maps discovered:
D:3:      wander_river, layout_loops_ring, riverfiend_overflow_shadow_ancestor,
          ebering_ghost_gozag, kennysheep_generic_room_4, uniq_grinder
D:4:      layout_rooms, mainiacjoe_overflow_paths,
          minmay_temple_entry_overgrown, uniq_sigmund
D:5:      layout_basic, slow_altar_2, st_stairs_1
D:6:      cheibrodos_quashed, layout_cave_pools
D:7:      layout_rooms, nicolae_uskayaw_dance_hall, lemuel_tele_altar,
          minmay_manual_monstrance

Skill      XL: |  1  2  3  4  5  6  7 |
---------------+----------------------+-----
Stealth        | 7 8 9 |  9.2
Dodging        | 3 4 5 |  5.4
Fighting       | 4 5 |  5.3
Spellcasting   | 1 |  1.9
Short Blades   | |  2.0

Action                     |  1- 3 |  4- 6 |  7- 9 || total
---------------------------+-------+-------+-------++-------
  Melee: Short sword       |     7 |    17 |       ||    24
         Constrict         |     2 |     6 |     9 ||    17
         Tentacles         |     2 |     5 |    11 ||    18
         War axe           |     3 |    14 |    35 ||    52
         Dagger            |       |       |    18 ||    18
         Punch             |       |       |     1 ||     1
  Throw: Dart              |       |     1 |       ||     1
         Boomerang         |       |     4 |     1 ||     5
  Evoke: Wand              |       |       |     1 ||     1
    Use: Scroll            |     2 |       |     4 ||     6
         Potion            |       |       |     1 ||     1
   Stab: Sleeping          |     3 |       |     4 ||     7
 Armour: Skin              |       |     2 |     3 ||     5
  Dodge: Dodged            |     6 |    26 |    81 ||   113
